 Dungeon Crawl Stone Soup version 0.21.1-1-g345015f (webtiles) character file.

151 Figureslego113 the Gusty (level 5, 0/28 HPs)
             Began as a Tengu Air Elementalist on July 29, 2018.
             Slain by an orc
             ... wielding a +0 falchion
              (2 damage)
             ... on level 2 of the Dungeon.
             The game lasted 00:12:56 (2631 turns).

Figureslego113 the Gusty (Tengu Air Elementalist)   Turns: 2631, Time: 00:12:57

Health: 0/28       AC:  2    Str:  8      XL:     5   Next: 33%
Magic:  8/9        EV: 13    Int: 16      God:    Xom [.....*]
Gold:   115        SH:  0    Dex: 14 (15) Spells: 4/8 levels left

rFire    . . .     SeeInvis .   d - +0 dagger (venom)
rCold    . . .     Gourm    .   (no shield)
rNeg     . . .     Faith    .   a - +0 robe
rPois    .         Spirit   .   (helmet restricted)
rElec    .         Reflect  .   (no cloak)
rCorr    .         Harm     .   (no gloves)
MR       .....                  (boots unavailable)
Stlth    ++........             (no amulet)
HPRegen  0.09/turn              e - +1 ring of evasion
MPRegen  0.11/turn              (no ring)

@: no status effects
A: beak, talons 3, able to fly 1
a: Fly, Renounce Religion


You were on level 2 of the Dungeon.
You worshipped Xom.
You were Xom's teddy bear.
You were not hungry.

You visited 1 branch of the dungeon, and saw 3 of its levels.

You collected 115 gold pieces.

Inventory:

Hand Weapons
 d - a +0 dagger of venom (weapon)
Armour
 a - a +0 robe (worn)
Jewellery
 e - a +1 ring of evasion (left hand)
Scrolls
 g - 2 scrolls of fog {unknown}
 h - a scroll of enchant weapon {unknown}
 i - a scroll of enchant armour {unknown}
 j - a scroll of blinking {unknown}
 k - a scroll of identify {unknown}
 l - 2 scrolls of remove curse {unknown}
Potions
 f - 2 potions of curing
Books
 b - a book of Air

   Spells                             Type                      Level
   a - Shock                          Conjuration/Air              1
   b - Swiftness                      Charms/Air                   2
   c - Static Discharge               Conjuration/Air              3
   d - Airstrike                      Air                          4
   e - Lightning Bolt                 Conjuration/Air              5
Comestibles
 c - 8 rations
 m - 3 chunks of flesh


   Skills:
 - Level 0.1 Short Blades
 - Level 2.1 Dodging
 - Level 2.0 Stealth
 + Level 2.1 Spellcasting
 + Level 3.2 Conjurations
 - Level 7.0 Air Magic


You had 4 spell levels left.
You knew the following spells:

 Your Spells              Type           Power        Failure   Level  Hunger
a - Shock                 Conj/Air       ###.         2%          1    #......
b - Static Discharge      Conj/Air       ###.....     8%          3    ###....


Dungeon Overview and Level Annotations

Branches:
Dungeon (3/15)

Altars:
Xom


Innate Abilities, Weirdness & Mutations

You have a beak for a mouth.
You have claws for feet.
You can fly.


Message History

You climb upwards.
There is a stone staircase leading down here.
It was a potion of curing.
You feel better. The rat bites you.
* * * LOW HITPOINT WARNING * * *
The kobold hits you with a short sword.
* * * LOW HITPOINT WARNING * * *
The goblin hits you but does no damage. The orc barely misses you.
You feel better. The rat bites you.
* * * LOW HITPOINT WARNING * * *
The kobold barely misses you. The goblin hits you but does no damage.
The orc hits you with a falchion.
* * * LOW HITPOINT WARNING * * *
Casting: Shock
Confirm with . or Enter, or press ? or * to list all spells.
Aiming: Shock
Press: ? - help, Shift-Dir - straight line The zap misses the goblin. x2; The rat bites you but does no damage.
The kobold closely misses you. The goblin hits you but does no damage.
The orc hits you with a falchion.
You die...

#.....###.......## #.#####
#.......# #.# #.......#
#.# #.......# #.#
#.......## #.# #.......#.
#.# ###....##.
#########K#########....##.
#.......o@r...............
#.########g########.(..##.
#.# #......# ####.##. #.#
#.################.##. #.#
#...................#.
#.########..#############.
#.......##..########## #.
#######.##.....<.....# #.
#.##.#########.# ##


You could see an orc, a goblin, a kobold and a rat.

Vanquished Creatures
  A jelly (D:2)
  6 adders
  2 worms
  2 dart slugs
  3 leopard geckos
  An orc (D:2)
  A ball python (D:2)
  9 bats
  5 goblins
  3 hobgoblins
  5 jackals
  7 kobolds
  A quokka (D:2)
  5 frilled lizards
  7 rats
58 creatures vanquished.

Notes
Turn   | Place    | Note
-------+----------+-------------------------------------------
     0 | D:1      | Figureslego113 the Tengu Air Elementalist began the quest for the Orb.
     0 | D:1      | Reached XP level 1. HP: 10/10 MP: 4/4
    25 | D:1      | Found a shimmering altar of Xom.
    74 | D:1      | Became a worshipper of Xom of Chaos
    92 | D:1      | Reached XP level 2. HP: 11/15 MP: 0/6
   199 | D:1      | XOM: divination: magic mapping
   283 | D:1      | Reached skill level 5 in Air Magic
   427 | D:1      | Reached XP level 3. HP: 5/19 MP: 0/7
   459 | D:1      | XOM: harmless Hex miscast
  1503 | D:2      | Reached XP level 4. HP: 24/24 MP: 1/8
  1614 | D:2      | Reached skill level 6 in Air Magic
  1639 | D:2      | Learned a level 3 spell: Static Discharge
  2290 | D:2      | XOM is BORED!
  2290 | D:2      | XOM: stat loss: -2 Dex (13/15)
  2401 | D:3      | Gained mutation: You can fly. [Tengu growth]
  2401 | D:3      | Reached XP level 5. HP: 28/28 MP: 4/9
  2468 | D:3      | XOM: scenery: create altars
  2506 | D:3      | Reached skill level 7 in Air Magic
  2629 | D:2      | HP: 1/28 [kobold/short sword (4)]
  2631 | D:2      | Slain by an orc

Skill      XL: |  1  2  3  4  5 |
---------------+----------------+-----
Air Magic      | 5 6 7 |  7.0
Conjurations   | 2 3 |  3.2
Short Blades   | |  0.1
Dodging        | |  2.1
Stealth        | |  2.0
Spellcasting   | |  2.1

Action                   |  1- 3 |  4- 6 || total
-------------------------+-------+-------++-------
Melee: Unarmed           |    14 |       ||    14
       Kick              |     3 |     8 ||    11
       Peck              |     3 |     3 ||     6
       Dagger            |     5 |    26 ||    31
 Cast: Shock             |    63 |    47 ||   110
  Use: Potion            |       |     2 ||     2
  Eat: Chunk             |     3 |     4 ||     7
Armor: Robe              |     7 |     6 ||    13
Dodge: Dodged            |    19 |    37 ||    56
